 Dungeon Crawl Stone Soup version 0.19.1 (webtiles) character file.

4127 mmcf the Grappler (level 10, -5/98 HPs)
             Began as a Troll Monk on Dec 3, 2016.
             Was an Elder of Okawaru.
             Slain by an orc knight
             ... wielding a +0 dire flail
              (32 damage)
             ... in a bailey on Dec 4, 2016.
             The game lasted 00:17:43 (8334 turns).

mmcf the Grappler (Troll Monk)                      Turns: 8334, Time: 00:17:44

Health: -5/98      AC: 13    Str: 21    XL:     10   Next: 6%
Magic:  5/12       EV: 17    Int:  6    God:    Okawaru [****..]
Gold:   209        SH:  0    Dex: 15    Spells: 0 memorised, 9 levels left

rFire  + . .     SeeInvis .       - Unarmed
rCold  + . .     Gourm    +     M - +2 robe {rC+}
rNeg   . . .     Faith    .     (no shield)
rPois  .         Spirit   .     (helmet restricted)
rElec  .         Reflect  .     t - +2 cloak
rCorr  .         Harm     .     (gloves unavailable)
MR     .....                    (boots unavailable)
Stlth  +++.......               (no amulet)
                                r - ring of protection from fire
                                y - +3 ring of protection

@: heroism, finesse
A: unfitting armour, claws 3, fast metabolism 3, gourmand, regeneration 1,
shaggy fur 1, tough skin 2
a: Heroism, Renounce Religion


You were in a bailey.
You worshipped Okawaru.
Okawaru was greatly pleased with you.
You were completely stuffed.

You visited 2 branches of the dungeon, and saw 10 of its levels.
You also visited: Sewer and Bailey.

You collected 474 gold pieces.
You spent 265 gold pieces at shops.

Inventory:

Missiles
 i - 58 tomahawks of returning (quivered)
 k - 6 poisoned needles
 s - 4 throwing nets
 C - 4 javelins
Armour
 t - a +2 cloak (worn)
 M - a +2 robe of cold resistance (worn)
Jewellery
 r - a ring of protection from fire (right claw)
 y - a +3 ring of protection (left claw)
 H - an uncursed ring of fire
Wands
 a - a wand of random effects (18/48)
 d - a wand of lightning (12/15)
 J - a wand of lightning (6/15)
Scrolls
 c - 2 scrolls of enchant armour
 q - 6 scrolls of teleportation
 A - 2 scrolls of remove curse
 G - a scroll of fog
 I - a scroll of noise {unknown}
Potions
 e - 2 potions of ambrosia
 h - 3 potions of resistance
 j - 4 potions of heal wounds
 l - 2 potions of invisibility
 m - 5 potions of curing
 p - 5 potions of magic
 u - 2 potions of might
 x - 2 potions of haste {unknown}
 z - a potion of agility {unknown}
 B - 2 potions of flight
 E - a potion of berserk rage
 F - 3 potions of beneficial mutation {unknown}
Books
 K - a Young Poisoner's Handbook

   Spells                             Type                      Level
   a - Sting                          Conjuration/Poison           1
   b - Mephitic Cloud                 Conjuration/Poison/Air       3
   c - Olgreb's Toxic Radiance        Poison                       4
   d - Alistair's Intoxication        Transmutation/Poison         5
   e - Venom Bolt                     Conjuration/Poison           5
Comestibles
 b - 10 bread rations
 f - a beef jerky
 g - 3 meat rations
 v - a slice of pizza
 w - 8 fruits
 L - 5 chunks of flesh


   Skills:
 - Level 6.1(11.1) Fighting
 + Level 3.9(8.9) Throwing
 - Level 6.1(11.1) Dodging
 - Level 1.0(6.0) Stealth
 + Level 9.4(14.4) Unarmed Combat
 + Level 4.1 Invocations


You had 9 spell levels left.
You didn't know any spells.

Dungeon Overview and Level Annotations

Branches:
Dungeon (9/15)             Temple (1/1) D:4
   Lair: D:8-11         Orc: D:9-12

Altars:
Cheibriados
Dithmenos
Fedhas
Kikubaaqudgha
Makhleb
Okawaru
Ru
Sif Muna
Trog
Uskayaw
Xom
Yredelemnul
Zin
The Shining One

Shops:
D:5 *[[


Innate Abilities, Weirdness & Mutations

You are too large for most types of armour.
You have claws for hands.
Your metabolism is lightning-fast.
You like to eat raw meat.
Your natural rate of healing is unusually fast.
You are covered in fur. (AC +1)
You have very tough skin. (AC +2)


Message History

You mangle the orc knight!!
The orc knight is heavily wounded.
The gnoll completely misses you.
The orc knight hits you with a dire flail!
* * * LOW HITPOINT WARNING * * *
You barely miss the orc knight.
The orc knight is heavily wounded.
You closely miss the orc knight.
The orc knight is heavily wounded.
The orc knight misses you.
You scratch the orc knight but do no damage.
The orc knight is heavily wounded.
The gnoll closely misses you.
You barely miss the orc knight.
The orc knight is heavily wounded.
The orc knight hits you with a dire flail!!
* * * LOW HITPOINT WARNING * * *
You feel much better.
The orc knight hits you with a dire flail!!
You die...

## ### ##### #.#
#.###gg(##
#'##'##o###'#
#....@## ##gK...#
###.....### g....#
#.'..)..'.# ..⌠..'.
###.)...### g....##
##%..).# #.....#
##)##'##'# #K##'##'#
#.###.# #.#g# .# #.
#'# ### ##### ### ###
#.###.###.#)###.###.#


You could see an orc knight (berserk) and 2 gnolls.

Vanquished Creatures
  Pikel (D:4)
  Joseph (D:7)
  Grinder (D:6)
  A hippogriff (D:7)
  Eustachio (D:6)
  2 ice beasts
  2 slaves (D:4)
  2 phantoms
  2 ogres (D:6)
  3 centaurs
  Blork the orc (D:6)
  4 bullfrogs
  2 scorpions
  6 killer bees
  A howler monkey (D:6)
  2 bullfrog zombies
  4 crimson imps (D:5)
  A quasit (D:8)
  A centaur zombie (D:8)
  3 hounds
  2 jellies
  An orc priest (D:3)
  A bullfrog skeleton (D:8)
  An iron imp (D:6)
  Terence (D:3)
  An iguana (D:8)
  6 orc wizards
  4 worker ants
  2 hound zombies
  24 gnolls
  12 adders
  A river rat (D:4)
  An adder skeleton (D:7)
  4 worms
  2 dart slugs
  4 leopard geckos
  20 orcs
  5 ball pythons
  7 bats
  13 giant cockroaches
  7 goblins
  15 hobgoblins
  8 jackals
  22 kobolds
  3 quokkas
  15 frilled lizards
  A leopard gecko skeleton (D:6)
  10 rats
234 creatures vanquished.

Vanquished Creatures (others)
  An ogre (D:4)
  An orc priest (D:4)
  An orc (D:4)
3 creatures vanquished.

Grand Total: 237 creatures vanquished

Notes
Turn   | Place    | Note
-------+----------+-------------------------------------------
     0 | D:1      | mmcf the Troll Monk began the quest for the Orb.
     0 | D:1      | Reached XP level 1. HP: 22/22 MP: 0/0
    42 | D:2      | Reached XP level 2. HP: 18/29 MP: 1/1
   472 | D:1      | Reached skill level 4 in Unarmed Combat
   929 | D:1      | Reached XP level 3. HP: 36/36 MP: 2/2
  1576 | D:2      | Found a bloodstained altar of Trog.
  1930 | D:3      | Found a burning altar of Makhleb.
  1932 | D:3      | Found a glowing golden altar of the Shining One.
  1933 | D:3      | Reached XP level 4. HP: 44/44 MP: 3/3
  1949 | D:3      | Reached skill level 5 in Unarmed Combat
  1950 | D:3      | Found a sacrificial altar of Ru.
  2266 | D:3      | Found a deep blue altar of Sif Muna.
  2556 | D:3      | Noticed Terence
  2567 | D:3      | Killed Terence
  2567 | D:3      | Reached XP level 5. HP: 20/50 MP: 4/4
  2809 | D:3      | Reached skill level 6 in Unarmed Combat
  3137 | D:3      | Reached XP level 6. HP: 54/59 MP: 5/5
  3370 | D:4      | Reached skill level 7 in Unarmed Combat
  3373 | D:4      | Noticed a slave
  3374 | D:4      | Noticed Pikel
  3374 | D:4      | Noticed a slave
  3374 | D:4      | Noticed a slave
  3374 | D:4      | Noticed a slave
  3384 | D:4      | Killed a slave
  3399 | D:4      | Killed a slave
  3408 | D:4      | Killed Pikel
  3408 | D:4      | Reached skill level 9 in Unarmed Combat
  3408 | D:4      | Reached XP level 7. HP: 22/66 MP: 6/6
  3578 | D:4      | Found a glowing drain.
  3582 | Sewer    | Entered a sewer
  4339 | D:4      | Reached XP level 8. HP: 74/74 MP: 7/7
  4341 | D:4      | Found a staircase to the Ecumenical Temple.
  4350 | Temple   | Entered the Ecumenical Temple
  4409 | Temple   | Became a worshipper of Warmaster Okawaru
  4409 | Temple   | Reached * piety under Okawaru
  4409 | Temple   | Reached ** piety under Okawaru
  4595 | D:5      | Entered Level 5 of the Dungeon
  4700 | D:5      | Reached skill level 1 in Invocations
  4806 | D:5      | Found Tousmus's Armour Shop.
  5070 | D:5      | Found an ancient bone altar of Kikubaaqudgha.
  5171 | D:5      | Found Ivaonugo's Armour Boutique.
  5200 | D:5      | Found Xuqyaku's Assorted Antiques.
  5203 | D:5      | Bought 3 bubbling amethyst potions for 75 gold pieces
  5203 | D:5      | Bought a scroll labeled AMEHYM KYOWNI for 28 gold pieces
  5203 | D:5      | Bought a potion of curing for 84 gold pieces
  5203 | D:5      | Bought a smoky golden potion for 25 gold pieces
  5203 | D:5      | Bought a scroll labeled BAUTOI LORUX for 28 gold pieces
  5203 | D:5      | Bought a metallic emerald potion for 25 gold pieces
  5221 | D:5      | You fall through a shaft for 2 floors!
  5613 | D:6      | Noticed Blork the orc
  5620 | D:6      | Killed Blork the orc
  5872 | D:7      | Noticed Joseph
  5887 | D:7      | Killed Joseph
  5887 | D:7      | Reached *** piety under Okawaru
  5887 | D:7      | Reached XP level 9. HP: 59/85 MP: 7/10
  5931 | D:6      | Noticed Grinder
  5941 | D:6      | Killed Grinder
  6074 | D:6      | Reached skill level 1 in Throwing
  6074 | D:6      | Reached skill level 5 in Dodging
  6204 | D:6      | Reached skill level 5 in Fighting
  6317 | D:6      | Found a snail-covered altar of Cheibriados.
  6646 | D:6      | Noticed Eustachio
  6667 | D:6      | Killed Eustachio
  6915 | D:7      | Reached **** piety under Okawaru
  7690 | D:8      | Found a basalt altar of Yredelemnul.
  7907 | D:8      | Reached XP level 10. HP: 98/98 MP: 12/12
  8003 | D:8      | Reached ***** piety under Okawaru
  8026 | D:9      | Found a flagged portal.
  8034 | Bailey   | Entered a bailey
  8169 | Bailey   | Noticed an orc knight
  8334 | Bailey   | Slain by an orc knight

Skill      XL: |  1  2  3  4  5  6  7  8  9 |
---------------+----------------------------+-----
Unarmed Combat | 4 5 6 9 |  9.4
Fighting       | 4 6 |  6.1
Dodging        | 4 6 |  6.1
Invocations    | 3 4 |  4.1
Throwing       | 3 |  3.9
Stealth        | |  1.0

Action                   |  1- 3 |  4- 6 |  7- 9 | 10-12 || total
-------------------------+-------+-------+-------+-------++-------
Melee: Unarmed           |   103 |   142 |   351 |    76 ||   672
       Punch             |     1 |     4 |    15 |     1 ||    21
Throw: Javelin           |       |       |     2 |       ||     2
       Throwing net      |       |       |     1 |       ||     1
       Tomahawk          |       |       |       |     5 ||     5
Invok: Heroism           |       |       |     1 |     1 ||     2
       Finesse           |       |       |       |     1 ||     1
  Use: Scroll            |       |     7 |     9 |     3 ||    19
       Potion            |       |       |       |     1 ||     1
 Stab: Sleeping          |     4 |       |     4 |     1 ||     9
       Distracted        |     1 |       |     1 |       ||     2
  Eat: Chunk             |    23 |    12 |    44 |     4 ||    83
Armor: Robe              |    38 |       |   133 |    34 ||   205
       Animal skin       |     5 |    51 |     8 |       ||    64
Dodge: Dodged            |    65 |    78 |   227 |    79 ||   449
